Description

Rushing out a MotherShip at 6:00, This Build Took An Attack From My Opponent before the 5:00 mark.

VOD

https://www.youtube.com/watch?v=bqSOc_I0lL0

Replay - Submarine LE (28)

Build Order

Get SALT Encoding   

  12  0:00  Probe  
  13  0:12  Probe  
  14  0:18  Pylon  
  14  0:24  Probe (Chrono Boost)  
  15  0:37  Probe (Chrono Boost), Assimilator  
  15  0:42  Probe  
  16  0:46  Gateway  
  17  0:54  Probe  
  18  1:06  Probe  
  19  1:19  Nexus  
  19  1:23  Probe  
  20  1:28  Assimilator  
  20  1:36  Cybernetics Core  
  20  1:43  Pylon  
  20  1:46  Probe  
  21  1:59  Probe  
  22  2:11  Stalker (Chrono Boost)  
  25  2:17  Warp Gate  
  25  2:28  Pylon  
  25  2:31  Gateway  
  25  2:33  Stalker  
  29  2:48  Stargate  
  31  2:58  Assimilator  
  37  3:32  Fleet Beacon  
  36  4:00  Oracle (Chrono Boost)  
  39  4:08  Gateway  
  39  4:18  Mothership (Chrono Boost)  
  47  4:35  Stalker  
  47  4:36  Zealot  
  53  5:02  Pylon x2  
  53  5:05  Nexus  
  54  5:20  Gateway x2  
  55  5:24  Forge  
  55  5:31  Assimilator  
  55  5:33  Oracle  
  59  5:39  Stalker  
  59  5:42  Zealot  
  62  5:48  Stalker  
  65  5:56  Gateway  
  62  6:13  Zealot x2, Stalker  
  66  6:28  Zealot, Stalker  
  70  6:35  Zealot x2  
  70  6:38  Adept  
  76  6:51  Gateway x2  
  76  6:52  Stalker x3  
  67  7:16  Zealot x3  
Spawning Tool Build Advisor. Get it on Overwolf

Go to:

Details

  • Created by: Sc2KiiiA     
  • Published on: Sep 22, 2020
  • Modified on: Sep 23, 2020
  • Patch: 4.11.0
  • Difficulty: Medium
Show
View Real Time Build Order
Export as new Build Order

Comments (0)

There are no comments. Be the first!

Create an account to comment!